 Dungeon Crawl Stone Soup version 0.28.0-45-g0d030f2227 (webtiles) character file.

Game seed: 13751194891418597087

13 zeratav the Insei (level 2, -1/18 HPs)
             Began as an Octopode Transmuter on Apr 13, 2022.
             Slain by a goblin
             ... wielding a +0 dagger of venom
              (2 damage)
             ... on level 1 of the Dungeon.
             The game lasted 00:00:35 (539 turns).

zeratav the Insei (Octopode Transmuter)              Turns: 539, Time: 00:00:36

Health: -1/18      AC:  1    Str:  9    XL:     2   Next: 37%
Magic:  4/5        EV: 13    Int: 15    God:
Gold:   0          SH:  0    Dex: 12    Spells: 4/5 levels left

rFire   . . .      SeeInvis .     - Unarmed
rCold   . . .      Faith    .   (no shield)
rNeg    . . .      Spirit   .   (helmet restricted)
rPois   .          Reflect  .   (no amulet)
rElec   .          Harm     .   (no ring)
rCorr   .          Rampage  .   (no ring)
Will    .....                   (no ring)
Stlth   +++.......              (no ring)
HPRegen 0.06/turn               (no ring)
MPRegen 0.09/turn               (no ring)
                                (no ring)
                                (no ring)

@: no status effects
A: almost no armour, amphibious, 8 rings, camouflage 1, gelatinous body 1,
(nimble swimmer 1), tentacles
a: no special abilities


You were on level 1 of the Dungeon.
You visited 1 branch of the dungeon, and saw 1 of its levels.


Innate Abilities, Weirdness & Mutations

You cannot wear most types of armour.
You are amphibious.
You can wear up to eight rings at the same time.
Your skin changes colour to match your surroundings (Stealth+).
Your rubbery body absorbs attacks. (AC +1, EV +1)
((You are camouflaged when in or above water. (Stealth+)))
You have tentacles for arms and can constrict up to eight enemies at once.


   Skills:
 + Level 1.3 Fighting
 + Level 2.2 Dodging
 + Level 1.1 Stealth
 * Level 3.3 Unarmed Combat
 - Level 2.0 Spellcasting
 - Level 2.0 Transmutations


You had 4 spell levels left.
You knew the following spells:

 Your Spells              Type           Power      Damage    Failure   Level
a - Beastly Appendage     Tmut           14%        N/A       10%         1

Your spell library contained the following spells:

 Spells                   Type           Power      Damage    Failure   Level
 Wereblood                Tmut           7%         N/A       14%         2
 Spider Form              Tmut/Pois      4%         N/A       41%         3
 Ice Form                 Ice/Tmut       4%         N/A       82%         4

Inventory:

Scrolls
 b - a scroll of blinking {unknown}
 c - a scroll of identify {unknown}
Potions
 a - a potion of resistance {unknown}

Dungeon Overview and Level Annotations

Branches:
Dungeon (1/15)

Altars:

#..........# #.....†....#
#...###....### #
##8#..†...# ##.....###.#
..#### ###......# .. ......
#8...g...# # ......
##..g..######## .....###
####...@.8###....#
.....#8###8#.....###......#
................##
###....###
..#.......)....⌠#
###......#
..#.......†.....#
#....###.####
#....#8###8#.....# ##..##
#....## #..#.########.....8
#..#######..# ##.###..###
##.....##.....## ##..
##.##...†.# 8........##..#
###


You could see a gnoll and a goblin.


Message History

You tentacle-slap the hobgoblin. You grab the hobgoblin.
Your transformation is almost over.
You constrict the hobgoblin, but do no damage.
The hobgoblin barely misses you.
You tentacle-slap the hobgoblin.
You pierce the hobgoblin.
You constrict the hobgoblin.
You kill the hobgoblin!
Your Stealth skill increases to level 1!
You see here a hobgoblin corpse.
Your tentacle spike disappears.
Key pressed, stopping explore.
Key pressed, stopping explore.
Things that are here:
a +0 short sword {short}; 3 stones {throwing}; a kobold corpse HP[+9] MP[+1]
Your hp is fully restored (18).
Your mp is fully restored (5).
A quokka, a hobgoblin and a ball python come into view.
There are monsters nearby!
One of your tentacles grows a vicious spike.
The ball python hisses angrily.
MP[-1]
You lost 1 mp, and now have 4/5 mp.
You extend your transformation's duration.
MP[-1]
You lost 1 mp, and now have 3/5 mp.
The ball python barely misses you. The ball python grabs you.
The ball python constricts you.
HP[-1]
You take 1 damage, and now have 17/18 hp.
You closely miss the ball python. Your grab misses the ball python.
You pierce the ball python.
You kill the ball python!
A gnoll comes into view. It is wielding a +0 spear.
The hobgoblin shouts!
The gnoll shouts!
A goblin comes into view. It is wielding a +0 dagger of venom.
Found a stone staircase leading down.
The hobgoblin barely misses you.
HP[+1]
Your hp is fully restored (18).
You barely miss the hobgoblin.
The goblin shouts!
Your grab misses the hobgoblin.
Your tentacle spike misses the hobgoblin.
The hobgoblin misses you.
You tentacle-slap the hobgoblin. You grab the hobgoblin.
Your tentacle spike misses the hobgoblin.
You constrict the hobgoblin, but do no damage.
The quokka bites you. The hobgoblin closely misses you.
HP[-5]
You take 5 damage, and now have 13/18 hp.
MASSIVE DAMAGE!! (PAUSE)
You are too injured to fight recklessly!
You are too injured to fight recklessly!
You are too injured to fight recklessly!
You are too injured to fight recklessly!
You are too injured to fight recklessly!
You are too injured to fight recklessly!
You are too injured to fight recklessly!
You are too injured to fight recklessly!
You are too injured to fight recklessly!
You are too injured to fight recklessly!
You are too injured to fight recklessly!
You are too injured to fight recklessly!
You are too injured to fight recklessly!
You are too injured to fight recklessly!
You are too injured to fight recklessly!
You are too injured to fight recklessly!
You are too injured to fight recklessly!
You are too injured to fight recklessly!
You are too injured to fight recklessly!
You are too injured to fight recklessly!
You are too injured to fight recklessly!
You are too injured to fight recklessly!
You tentacle-slap the hobgoblin.
You constrict the hobgoblin, but do no damage.
The quokka barely misses you. The hobgoblin barely misses you.
The gnoll hits you from afar with a +0 spear!
* * * LOW HITPOINT WARNING * * *
HP[-7]
You take 7 damage, and now have 6/18 hp.
MASSIVE DAMAGE!! (PAUSE)
You closely miss the quokka. Your grab misses the quokka.
You pierce the quokka.
You kill the quokka!
Your transformation is almost over.
You constrict the hobgoblin. The hobgoblin misses you.
The gnoll hits you from afar with a +0 spear.
* * * LOW HITPOINT WARNING * * *
HP[-5]
You take 5 damage, and now have 1/18 hp.
MASSIVE DAMAGE!! (PAUSE)
You tentacle-slap the hobgoblin but do no damage.
Your tentacle spike misses the hobgoblin.
You squeeze the hobgoblin.
You kill the hobgoblin!
The gnoll barely misses you.
MP[+1]
You barely miss the goblin. Your grab misses the goblin.
Your tentacle spike disappears.
The goblin hits you with a +0 dagger of venom.
You die...

Skill      XL: |  1  2 |
---------------+-------+-----
Stealth        | 1 |  1.1
Fighting       | |  1.3
Dodging        | |  2.2
Unarmed Combat | |  3.3
Spellcasting   | |  2.0
Transmutations | |  2.0

Action                   || total
-------------------------++-------
Melee: Unarmed           ||    25
       Constrict         ||     7
       Kick              ||     7
       Tentacles         ||     3
 Cast: Beastly Appendage ||     9
 Stab: Sleeping          ||     3
Armor: Skin              ||     3
Dodge: Dodged            ||    20

Levels and vault maps discovered:
D:1:      saegor_arrival_simple_b, layout_rooms, serial_corexii_hall,
          chequers_hall_statues_corner_a, chequers_hall_statues_y,
          shapermc_ecumenical_altar_mp_vishouse, lexackson_kobold_supper

Notes
Turn   | Place    | Note
-------+----------+-------------------------------------------
     0 | D:1      | zeratav the Octopode Transmuter began the quest for the
                  | Orb.
     0 | D:1      | Reached XP level 1. HP: 13/13 MP: 3/3
     0 | D:1      | magus.rc [v1.9.6]
   229 | D:1      | Reached XP level 2. HP: 11/18 MP: 3/5
   362 | D:1      | Reached skill level 1 in Stealth
   530 | D:1      | HP: 1/18 [gnoll/+0 spear (5)]
   539 | D:1      | Slain by a goblin

Vanquished Creatures
  A bat (D:1)
  2 endoplasms (D:1)
  2 hobgoblins (D:1)
  A kobold (D:1)
  2 quokkas (D:1)
  A ball python (D:1)
  A frilled lizard (D:1)
  A rat (D:1)
11 creatures vanquished.

Table legend:
 A = Non-vault XP
 B = Vault XP
 C = Vault XP percentage of total XP
 D = Non-vault monster count
 E = Vault monster count
 F = Vault count percentage of total count
                 A         B        C        D         E       F
            +---------+---------+-------+---------+---------+-------
      Total |      19 |       0 |   0.0 |      11 |       0 |   0.0
            +---------+---------+-------+---------+---------+-------
        D:1 |      19 |       0 |   0.0 |      11 |       0 |   0.0
            +---------+---------+-------+---------+---------+-------

Illustrated notes

Table legend:
 A = Kills in this place as a percentage of kills in entire the game.
 B = Kills by you in this place as a percentage of kills by you in the entire game.
 C = Kills by friends in this place as a percentage of kills by friends in the entire game.
 D = Other kills in this place as a percentage of other kills in the entire game.
 E = Experience gained in this place as a percentage of experience gained in the entire game.
 F = Experience gained in this place divided by the number of levels of this place that you have seen.
                   A       B       C       D       E      F
               +-------+-------+-------+-------+-------+----------------------
         Total | 100.0 | 100.0 |   N/A |   N/A | 100.0 |  19.0
       Dungeon | 100.0 | 100.0 |   N/A |   N/A | 100.0 |  19.0
               +-------+-------+-------+-------+-------+----------------------

Table legend: (Time is in decaauts)
 A = Elapsed time spent in this place.
 B = Non-inter-level travel time spent in this place.
 C = Inter-level travel time spent in this place.
 D = Time resting spent in this place.
 E = Time spent auto-exploring this place.
 F = Levels seen in this place.
 G = Mean time per level.
                   A        B        C        D        E       F      G
               +--------+--------+--------+--------+--------+-----+--------+
         Total |    537 |    537 |      0 |      0 |    457 |   1 |  537.0 |
       Dungeon |    537 |    537 |      0 |      0 |    457 |   1 |  537.0 |
               +--------+--------+--------+--------+--------+-----+--------+

Top non-repeatable levels by time:
     D:1: 537 daAuts
